Map: Echo LE (Void)

Players

Bop - Winner!

  • Race: Zerg Zerg

ChitogeBesto

  • Race: Zerg Zerg

VOD

Have the link to the VOD?

Description

Time

  • Played on: May 6, 2015, 5 a.m.
  • Length: 8:58
Show
View Real Time Build Order
Export as new Build Order

Bop Zerg - Winner!

Build Orders: Hatch First, Lurkers 

Get SALT Encoding   

  12  0:01  Drone  
  13  0:12  Overlord  
  13  0:17  Drone  
  14  0:31  Drone x2  
  16  0:36  Drone  
  17  0:51  Hatchery  
  17  0:55  Drone  
  17  1:00  Drone, Extractor  
  17  1:11  Drone  
  18  1:18  Spawning Pool  
  17  1:26  Drone  
  17  1:31  Drone  
  19  1:39  Overlord  
  19  2:05  Queen  
  19  2:06  Metabolic Boost  
  19  2:07  Queen  
  23  2:09  Zergling x4  
  23  2:14  Drone x3  
  28  2:20  Baneling Nest  
  27  2:31  Drone x2  
  29  2:43  Queen  
  31  2:48  Overlord  
  31  2:50  Drone x3  
  34  2:58  Drone x2  
  34  3:04  Lair  
  36  3:11  Drone x2  
  38  3:17  Drone x3  
  38  3:18  Drone  
  42  3:27  Zergling x6  
  43  3:32  Overlord  
  43  3:33  Overlord  
  44  3:38  Baneling  
  43  3:52  Extractor  
  43  3:54  Extractor  
  41  3:57  Drone x3  
  41  3:58  Drone x3  
  41  4:01  Overlord  
  47  4:06  Hydralisk Den  
  47  4:08  Drone x3  
  47  4:09  Drone x2  
  51  4:12  Extractor  
  51  4:15  Drone  
  51  4:20  Lurker Den  
  51  4:21  Overlord  
  51  4:26  Drone  
  51  4:27  Drone  
  51  4:28  Zergling x8  
  57  4:38  Infestation Pit  
  57  4:42  Drone  
  57  4:58  Hydralisk  
  57  4:59  Hydralisk x3  
  65  5:00  Overlord  
  65  5:02  Hatchery  
  65  5:04  Drone x4  
  68  5:10  Drone  
  68  5:13  Overlord  
  69  5:17  Hive  
  69  5:20  Overseer  
  69  5:28  Drone x5  
  74  5:32  Evolution Chamber, Extractor  
  74  5:34  Extractor  
  71  5:47  Overseer  
  71  5:56  Drone  
  71  5:57  Drone x8  
  78  6:00  Zerg Melee Weapons Level 1  
  80  6:10  Lurker x4  
  80  6:11  Overlord x3  
  84  6:13  Drone  
  84  6:15  Drone  
  86  6:27  Burrow  
  86  6:28  Drone x4  
  90  6:36  Overlord  
  90  6:37  Hydralisk x5  
  100  6:44  Baneling x2  
  100  6:45  Overlord x2  
  100  6:46  Spore Crawler  
  99  6:52  Ultralisk Cavern  
  98  6:54  Overlord  
  98  6:59  Overlord  
  98  7:05  Lurker x2  
  100  7:09  Overlord  
  100  7:13  Overlord  
  100  7:14  Zergling x6  
  100  7:15  Zergling x12  
  109  7:24  Overlord  
  109  7:30  Overlord  
  109  7:39  Chitinous Plating  
  109  7:40  Ultralisk x2  
  121  7:46  Zergling x12  
  121  7:49  Overlord  
  127  7:58  Zergling x18  
  134  7:59  Overseer  
  134  8:00  Overseer  
  135  8:08  Overseer  
  135  8:19  Ultralisk  
  139  8:27  Zergling x2  
  139  8:28  Zergling x26  
Show
View Real Time Build Order
Export as new Build Order

ChitogeBesto Zerg 

Build Orders: Pool First, Lurkers 

Get SALT Encoding   

  12  0:01  Drone  
  13  0:12  Drone  
  14  0:26  Spawning Pool  
  13  0:30  Drone  
  14  0:37  Overlord  
  14  0:51  Drone, Extractor x2  
  14  0:52  Drone  
  15  1:00  Drone  
  16  1:16  Hatchery  
  15  1:23  Drone  
  15  1:24  Drone  
  17  1:36  Queen  
  19  1:44  Drone  
  20  1:48  Overlord  
  20  1:53  Zergling x2  
  21  1:59  Metabolic Boost  
  21  2:11  Drone x2  
  23  2:23  Drone  
  23  2:27  Queen  
  23  2:29  Drone  
  28  2:37  Zergling x2  
  28  2:41  Zergling x2  
  28  2:42  Drone  
  30  2:53  Drone  
  30  2:54  Drone x4  
  35  3:00  Lair  
  35  3:13  Drone x2, Baneling Nest  
  35  3:16  Overlord, Extractor  
  35  3:17  Extractor  
  34  3:22  Drone  
  34  3:23  Drone  
  36  3:36  Drone x2  
  36  3:37  Drone  
  36  3:39  Drone  
  40  3:44  Hatchery  
  37  3:50  Zergling x4  
  39  3:56  Zergling x4  
  39  3:57  Drone x2  
  39  3:58  Drone  
  39  4:00  Overlord  
  44  4:10  Baneling  
  44  4:12  Overlord  
  44  4:22  Overlord x2  
  44  4:25  Hydralisk Den  
  44  4:27  Drone  
  44  4:28  Overlord  
  44  4:40  Evolution Chamber, Drone  
  44  4:41  Drone x4  
  47  4:46  Lurker Den  
  47  4:49  Zergling x2  
  47  5:01  Hydralisk  
  47  5:02  Hydralisk x3  
  55  5:07  Zerg Ground Armor Level 1  
  55  5:18  Drone  
  55  5:19  Drone x5  
  55  5:20  Drone  
  62  5:22  Baneling x2  
  62  5:30  Overseer  
  62  5:34  Hydralisk x3  
  68  5:42  Drone x5  
  73  5:43  Drone  
  73  5:48  Overlord  
  73  5:49  Overlord  
  74  6:04  Extractor  
  73  6:10  Zergling x22  
  84  6:13  Lurker x3  
  84  6:15  Lurker  
  84  6:18  Queen  
  88  6:19  Overlord  
  88  6:20  Overlord  
  90  6:38  Baneling x5  
  90  6:39  Hydralisk x2  
  90  6:41  Zergling x2  
  90  6:42  Zergling x12  
  101  7:13  Drone  
  101  7:14  Drone x2  
  104  7:16  Hydralisk, Extractor  
  104  7:17  Overlord, Extractor  
  104  7:18  Overlord  
  92  7:32  Lurker x2  
  92  7:33  Lurker  
  92  7:34  Hydralisk  
  92  7:35  Hydralisk x4  
  92  7:36  Overlord x2  
  92  7:37  Overlord  
  105  7:48  Infestation Pit  
  105  7:51  Drone x6  
  106  8:08  Drone x4  
  106  8:09  Drone  
  106  8:16  Hatchery  
  106  8:17  Overseer  
  99  8:32  Overlord x3  
  99  8:33  Overlord  
  107  8:42  Spire  
Tags
 
Add a new tag
Caveats
  • Supply blocks, unpowered buildings, or Contaminate may cause inaccurate times.
  • Supply counts are checked every 10 seconds.